 Dungeon Sprint DCSS version 0.29-a0-870-g2c972031a6 (webtiles) character file.

Game seed: 5378760305564539098

857 manyhoops the Grappler (level 7, -3/85 HPs)
             Began as a Troll Berserker on July 17, 2022.
             Was a Priest of Trog.
             Slain by a boulder beetle (22 damage)
             ... in the Dungeon (Sprint II: "The Violet Keep of Menkaure").
             The game lasted 00:00:49 (66 turns).

manyhoops the Grappler (Troll Berserker)              Turns: 66, Time: 00:00:49

Health: -3/85      AC:  4    Str: 28    XL:     7   Next: 70%
Magic:  6/6        EV: 10    Int:  3    God:    Trog [***...]
Gold:   486        SH:  0    Dex:  9    Spells: 6/6 levels left

rFire   . . .      SeeInvis .     - Unarmed
rCold   . . .      Faith    .   (no shield)
rNeg    . . .      Spirit   .   a - +0 animal skin
rPois   .          Reflect  .   (helmet restricted)
rElec   .          Harm     .   (no cloak)
rCorr   .          Rampage  .   (gloves unavailable)
Will    .....      NoTele   +   (boots unavailable)
Stlth   +.........              (no amulet)
HPRegen 1.04/turn               (no ring)
MPRegen 0.10/turn               (no ring)

@: on berserk cooldown, slowed, very slow
A: large, unfitting armour, claws 3, regeneration 1, shaggy fur 1, tough skin 1
a: Renounce Religion, Berserk, Trog's Hand


You were in the Dungeon.
You worshipped Trog.
Trog was most pleased with you.
You visited 1 branch You collected 486 gold pieces.

Inventory:

Armour
 a - a +0 animal skin (worn)
Scrolls
 g - a scroll of blinking
Potions
 b - a potion of curing
 e - 2 potions of magic
 f - a potion of berserk rage


   Skills:
 + Level 10.1 Fighting
 - Level 2.4 Dodging
 + Level 12.7 Unarmed Combat


You had 6 spell levels left.
You didn't know any spells.
Your spell library was empty.

Dungeon Overview and Level Annotations

Branches:
Dungeon (1/1)

Altars:


Innate Abilities, Weirdness & Mutations

You are too large for most types of armour.
You have claws for hands.
Your natural rate of healing is unusually fast.
You are covered in fur. (AC +1)
You have tough skin. (AC +1)


Message History

You claw the boulder beetle!
The boulder beetle is heavily wounded.
You mangle the boulder beetle!!
The boulder beetle is severely wounded.
The boulder beetle leaps! x2
You feel a strong urge to attack something.
There is an open door, spattered with blood here.
You are no longer berserk.
You are exhausted.
You feel yourself slow down.
You scratch the boulder beetle but do no damage.
Your extra speed is starting to run out.
The boulder beetle leaps!
The boulder beetle bites you!
You scratch the boulder beetle.
The boulder beetle is lightly wounded.
The boulder beetle bites you but does no damage.
The boulder beetle bites you!!
The boulder beetle attacks as you move away!
The boulder beetle bites you!
* * * LOW HITPOINT WARNING * * *
The boulder beetle leaps!
There is an open door here.
You feel much better. The boulder beetle misses you.
You scratch the boulder beetle.
The boulder beetle is lightly wounded.
The boulder beetle bites you!
You claw the boulder beetle!
The boulder beetle is lightly wounded.
You feel yourself slow down.
You scratch the boulder beetle.
The boulder beetle is lightly wounded.
The boulder beetle bites you! The boulder beetle barely misses you.
You mangle the boulder beetle!!
The boulder beetle is heavily wounded.
The boulder beetle bites you!
* * * LOW HITPOINT WARNING * * *
You scratch the boulder beetle.
The boulder beetle is severely wounded.
The boulder beetle leaps!
The boulder beetle bites you!!
You die...

##+## ##...##
#.)#..# #
#...# ## ##.
##@###.##
#..°##B##..$#
#'.○.'###+
#...##.##...#
##. ##'###.##
# #.#.# ##
#.###.# ## ##


You could see a boulder beetle.

Vanquished Creatures
  A merfolk siren (D)
  2 wyverns (D)
  4 necrophages (D)
7 creatures vanquished.

Notes
Turn   | Place    | Note
-------+----------+-------------------------------------------
     0 | D        | manyhoops the Troll Berserker began the quest for the Orb.
     0 | D        | Reached XP level 1. HP: 22/22 MP: 0/0
     1 | D        | Noticed a merfolk siren
     9 | D        | Killed a merfolk siren
    10 | D        | Reached skill level 10 in Unarmed Combat
    10 | D        | Reached XP level 2. HP: 41/41 MP: 1/1
    10 | D        | Reached XP level 3. HP: 48/48 MP: 2/2
    10 | D        | Reached XP level 4. HP: 57/57 MP: 3/3
    10 | D        | Reached XP level 5. HP: 63/63 MP: 4/4
    10 | D        | Reached XP level 6. HP: 72/72 MP: 5/5
    19 | D        | Reached ** piety under Trog
    26 | D        | Reached skill level 11 in Unarmed Combat
    29 | D        | Reached *** piety under Trog
    30 | D        | Reached XP level 7. HP: 81/83 MP: 6/6
    32 | D        | Noticed a boulder beetle
    32 | D        | Noticed a boulder beetle
    35 | D        | Noticed a wyvern
    35 | D        | Noticed a wyvern
    38 | D        | Killed a wyvern
    39 | D        | Reached skill level 12 in Unarmed Combat
    41 | D        | Killed a wyvern
    42 | D        | Reached skill level 10 in Fighting
    66 | D        | Slain by a boulder beetle

Illustrated notes

Levels and vault maps discovered:
D:        the_violet_keep_of_menkaure [sprint2_stairs_cluster_1,
          sprint2_shoproom, sprint2_temple, sprint2_basic_supplies,
          sprint2_obstacle_2, sprint2_obstacle_5, sprint2_obstacle_7,
          sprint2_obstacle_3, sprint2_obstacle_1, sprint2_timed_cluster_1,
          sprint2_smallroom_cluster_1, sprint2_smallroom_final_cluster_1,
          sprint2_transparent_cluster_1, sprint2_second_timed_cluster_1,
          sprint2_sniper_area_1, sprint2_heavy_combat_area_1,
          sprint2_mutation_trap_area_1, sprint2_forest_area_1,
          sprint2_light_combat_area_1, sprint2_behind_water_1,
          sprint2_near_end_vault_1]

Skill      XL: |  1  2  3  4  5  6  7 |
---------------+----------------------+-----
Fighting       | 8 9 10 | 10.1
Unarmed Combat | 10 11 12 | 12.7
Dodging        | |  2.4

Action                   |  1- 3 |  4- 6 |  7- 9 || total
-------------------------+-------+-------+-------++-------
Melee: Unarmed           |     5 |    13 |    16 ||    34
       Punch             |     1 |     2 |       ||     3
Invok: Berserk           |       |       |     1 ||     1
  Use: Potion            |     1 |       |     1 ||     2
Armor: Animal skin       |       |     1 |     1 ||     2
Dodge: Dodged            |       |       |     5 ||     5

Table legend: (Time is in decaauts)
 A = Elapsed time spent in this place.
 B = Non-inter-level travel time spent in this place.
 C = Inter-level travel time spent in this place.
 D = Time resting spent in this place.
 E = Time spent auto-exploring this place.
 F = Levels seen in this place.
 G = Mean time per level.
                   A        B        C        D        E       F      G
               +--------+--------+--------+--------+--------+-----+--------+
         Total |     44 |     44 |      0 |      0 |      1 |   1 |   44.0 |
       Dungeon |     44 |     44 |      0 |      0 |      1 |   1 |   44.0 |
               +--------+--------+--------+--------+--------+-----+--------+

Top non-repeatable levels by time:
       D: 44 daAuts
